AoeStats
← [Massa] Edo

Highland

506191973Analyzed
2v2 RM · 19d ago on Sep 12, 2026· 30m 47s· 4 players
Game mode
Random Map
Map size
Medium (4 player)
Population
200
Speed
Normal
Resources
Standard
Victory
Conquest
Starting age
Dark Age
Ending age
Imperial Age
RankedLock teamsTeams togetherTeam positionsShared explorationLock speedFull tech treeHidden civsTurbo modeCheats
Victory
Defeat
🇧🇷 Goths · Brazil
1434
+14
🇹🇼 Franks · Taiwan
1405
+15
🇬🇧 Mongols · United Kingdom
1411
-16
🇬🇧 Huns · United Kingdom
1355
-13
Jabberwock
6:12 Loom
9:01 Feudal Age
9:59 Double-Bit Axe
9:55 Horse Collar
13:22 Forging
17:20 Gold Mining
18:29 Wheelbarrow
23:12 Castle Age
22:11 Fletching
22:21 Padded Archer Armor
23:57 Bloodlines
24:45 Husbandry
25:19 Bodkin Arrow
26:18 Leather Archer Armor
Gundeadfred
7:20 Loom
11:12 Feudal Age
17:42 Double-Bit Axe
19:01 Wheelbarrow
22:35 Castle Age
21:36 Fishing Lines
22:17 Scale Barding Armor
22:23 Forging
[Massa] Edo
0:29 Loom
10:33 Feudal Age
11:51 Man-at-Arms
12:23 Double-Bit Axe
13:39 Horse Collar
17:45 Wheelbarrow
21:47 Castle Age
20:31 Scale Mail Armor
21:11 Forging
20:53 Gold Mining
21:28 Stone Mining
21:54 Long Swordsman
23:07 Bow Saw
23:11 Squires
24:27 Chain Mail Armor
24:45 Heavy Plow
25:21 Stone Shaft Mining
25:28 Iron Casting
32:56 Imperial Age
31:56 Stone Shaft Mining
Gogogo
6:37 Loom
8:53 Feudal Age
9:20 Double-Bit Axe
17:10 Wheelbarrow
20:05 Castle Age
18:41 Scale Barding Armor
18:46 Forging
20:59 Bow Saw
21:10 Chain Barding Armor
21:25 Iron Casting
20:51 Gold Mining
22:29 Husbandry
24:24 Iron Casting
28:28 Town Watch
Connection lost

Rejoining the realm…

Still unreachable

The connection could not be restored.

Session expired

The server has moved on; the page needs a fresh start.